[ AOE2 MATCH · #505890922 ]
UnrankedTatars vs Bengalis
Player's team · LOSS
Rival team · WIN
[ REPLAY ANALYSIS · EXTRACTED FROM THE RECORDED GAME ]
Feudal
8:53
Castle
19:25
Imperial
36:08
| APM avg | 75.6 |
| APM peak | 120 |
| eAPM avg | 35.6 |
| Villagers / military | 157 / 136 |
Focus
⚔️ 50.3% · 🌾 49.7%
Skirmisher ×106 · Scout Cavalry ×11 · Spearman ×8 · Mangonel ×5 · Monk ×3 · Cavalry Archer ×2
Feudal
8:50
Castle
18:36
Imperial
33:23
| APM avg | 87.8 |
| APM peak | 140 |
| eAPM avg | 40.3 |
| Villagers / military | 123 / 109 |
Focus
⚔️ 45.7% · 🌾 54.3%
Skirmisher ×63 · Elephant Archer ×32 · Monk ×7 · Scout Cavalry ×4 · Trebuchet (Packed) ×2 · Battle Elephant ×1
Match map
Initial resources + every placement click. Lines = walls · curves = elevation contours. ◆ gold · ⬟ stone · ● berries · ✦ relic · ◌ wall gap
Your base· ✓ Closed at 19:25 · 36t walls · no gate
VIT Liereyy's base· Open — 4t gap
Smoothed initial terrain · ◌ = detected wall gap · hover for details
Inputs per minute
— TAG_Sitaux - - VIT Liereyy
Build order — TAG_Sitaux
First 150 of 485 actions detected
| 0:00 | Create | Villager (Male) |
| 0:00 | Create | Villager (Male) |
| 0:01 | Build | House |
| 0:02 | Build | House |
| 0:13 | Create | Villager (Male) |
| 0:14 | Create | Villager (Male) |
| 0:14 | Create | Villager (Male) |
| 1:31 | Create | Villager (Male) |
| 2:01 | Build | Lumber Camp |
| 2:04 | Create | Villager (Male) |
| 2:20 | Create | Villager (Male) |
| 2:43 | Create | Villager (Male) |
| 3:02 | Create | Villager (Male) |
| 3:13 | Create | Villager (Male) |
| 3:13 | Create | Villager (Male) |
| 3:31 | Create | Villager (Male) |
| 3:56 | Build | House |
| 3:57 | Create | Villager (Male) |
| 4:06 | Create | Villager (Male) |
| 4:28 | Create | Villager (Male) |
| 4:33 | Create | Villager (Male) |
| 5:08 | Build | Barracks |
| 5:23 | Create | Villager (Male) |
| 5:49 | Build | House |
| 6:07 | Research | Loom |
| 6:07 | Research | Loom |
| 6:29 | Build | Palisade Wall |
| 6:43 | Research | Feudal Age |
| 6:43 | Research | Feudal Age |
| 7:09 | Build | Mill |
| 8:19 | Create | Villager (Male) |
| 8:53 | Age | Feudal Age |
| 8:54 | Research | Double-Bit Axe |
| 8:54 | Create | Spearman |
| 9:08 | Build | Archery Range |
| 9:15 | Create | Villager (Male) |
| 9:24 | Build | House |
| 9:25 | Build | House |
| 9:35 | Create | Villager (Male) |
| 9:35 | Create | Villager (Male) |
| 9:49 | Build | Farm |
| 9:50 | Create | Skirmisher |
| 10:10 | Create | Skirmisher |
| 10:11 | Create | Villager (Male) |
| 10:21 | Build | Farm |
| 10:27 | Build | House |
| 10:28 | Build | Palisade Wall |
| 10:33 | Build | Palisade Wall |
| 10:37 | Create | Villager (Male) |
| 10:43 | Create | Skirmisher |
| 11:00 | Create | Skirmisher |
| 11:09 | Create | Villager (Male) |
| 11:24 | Build | Farm |
| 11:37 | Create | Skirmisher |
| 11:40 | Create | Villager (Male) |
| 11:52 | Create | Villager (Male) |
| 11:58 | Build | Farm |
| 12:00 | Create | Skirmisher |
| 12:20 | Build | Farm |
| 12:23 | Build | Farm |
| 12:27 | Create | Skirmisher |
| 12:31 | Create | Villager (Male) |
| 12:37 | Create | Skirmisher |
| 12:43 | Build | Farm |
| 12:51 | Build | House |
| 13:09 | Create | Villager (Male) |
| 13:10 | Build | Farm |
| 13:32 | Create | Villager (Male) |
| 13:40 | Create | Spearman |
| 13:45 | Build | Farm |
| 13:46 | Build | Farm |
| 13:52 | Create | Spearman |
| 13:54 | Create | Villager (Male) |
| 13:58 | Build | Farm |
| 13:59 | Build | Farm |
| 14:11 | Build | Farm |
| 14:17 | Create | Skirmisher |
| 14:23 | Create | Villager (Male) |
| 14:30 | Build | House |
| 14:31 | Build | House |
| 14:35 | Create | Villager (Male) |
| 15:02 | Build | Mining Camp |
| 15:03 | Create | Villager (Male) |
| 15:27 | Create | Villager (Male) |
| 15:41 | Build | House |
| 15:51 | Build | Blacksmith |
| 15:56 | Build | Palisade Wall |
| 16:00 | Create | Villager (Male) |
| 16:27 | Build | Lumber Camp |
| 16:45 | Research | Castle Age |
| 16:45 | Research | Castle Age |
| 16:46 | Create | Skirmisher |
| 17:13 | Build | Palisade Wall |
| 17:16 | Research | Fletching |
| 17:16 | Research | Fletching |
| 17:20 | Create | Skirmisher |
| 17:23 | Research | Horse Collar |
| 17:28 | Create | Skirmisher |
| 17:50 | Create | Skirmisher |
| 17:56 | Build | Farm |
| 17:58 | Build | Farm |
| 18:16 | Create | Skirmisher |
| 18:21 | Build | Palisade Wall |
| 18:27 | Create | Skirmisher |
| 18:36 | Build | Palisade Wall |
| 18:37 | Build | Palisade Wall |
| 18:43 | Create | Skirmisher |
| 18:52 | Build | Farm |
| 19:25 | Age | Castle Age |
| 19:27 | Research | Elite Skirmisher (upgrade) |
| 19:30 | Create | Villager (Male) |
| 19:31 | Research | Bow Saw |
| 19:32 | Research | Bow Saw |
| 19:48 | Create | Skirmisher |
| 19:49 | Create | Villager (Male) |
| 20:04 | Research | Bodkin Arrow |
| 20:05 | Create | Skirmisher |
| 20:14 | Build | Town Center |
| 20:15 | Create | Villager (Male) |
| 20:19 | Create | Skirmisher |
| 20:29 | Research | Padded Archer Armor |
| 20:30 | Create | Villager (Male) |
| 20:32 | Research | Town Watch |
| 20:51 | Build | Siege Workshop |
| 20:52 | Create | Villager (Male) |
| 20:56 | Create | Skirmisher |
| 21:02 | Research | Gold Mining |
| 21:02 | Research | Gold Mining |
| 21:10 | Create | Skirmisher |
| 21:28 | Create | Villager (Male) |
| 21:33 | Create | Mangonel |
| 21:40 | Create | Skirmisher |
| 21:42 | Create | Villager (Male) |
| 21:47 | Create | Skirmisher |
| 21:55 | Create | Skirmisher |
| 22:02 | Build | Palisade Gate |
| 22:09 | Create | Villager (Male) |
| 22:09 | Create | Villager (Male) |
| 22:18 | Create | Villager (Male) |
| 22:22 | Create | Skirmisher |
| 22:34 | Build | Farm |
| 22:35 | Build | Farm |
| 22:37 | Create | Villager (Male) |
| 22:41 | Build | Farm |
| 22:55 | Create | Villager (Male) |
| 22:56 | Create | Skirmisher |
| 23:01 | Build | Town Center |
| 23:03 | Create | Skirmisher |
| 23:16 | Create | Villager (Male) |
| 23:25 | Create | Mangonel |
Build order — VIT Liereyy
First 150 of 445 actions detected
| 0:00 | Create | Villager (Male) |
| 0:01 | Build | House |
| 0:02 | Build | House |
| 0:06 | Create | Villager (Male) |
| 0:06 | Create | Villager (Male) |
| 0:15 | Create | Villager (Male) |
| 1:23 | Create | Villager (Male) |
| 1:55 | Build | Lumber Camp |
| 1:56 | Create | Villager (Male) |
| 2:18 | Create | Villager (Male) |
| 2:39 | Create | Villager (Male) |
| 2:40 | Create | Villager (Male) |
| 3:07 | Create | Villager (Male) |
| 3:07 | Create | Villager (Male) |
| 3:27 | Create | Villager (Male) |
| 3:51 | Build | House |
| 3:56 | Create | Villager (Male) |
| 4:14 | Build | Mill |
| 4:19 | Create | Villager (Male) |
| 4:19 | Create | Villager (Male) |
| 4:21 | Build | House |
| 4:24 | Build | Palisade Wall |
| 4:27 | Build | Palisade Wall |
| 4:52 | Build | Palisade Wall |
| 4:52 | Build | Palisade Wall |
| 5:05 | Create | Villager (Male) |
| 5:25 | Create | Villager (Male) |
| 6:05 | Research | Loom |
| 6:05 | Research | Loom |
| 6:11 | Build | Palisade Wall |
| 6:12 | Build | Palisade Wall |
| 6:39 | Research | Feudal Age |
| 6:49 | Build | Palisade Wall |
| 6:51 | Build | Palisade Wall |
| 6:52 | Build | Palisade Wall |
| 6:52 | Build | Palisade Wall |
| 6:53 | Build | Palisade Wall |
| 7:10 | Build | Palisade Wall |
| 7:10 | Build | Palisade Wall |
| 7:11 | Build | Palisade Wall |
| 7:30 | Build | Barracks |
| 7:32 | Create | Villager (Male) |
| 8:36 | Build | Palisade Wall |
| 8:38 | Build | Palisade Wall |
| 8:50 | Age | Feudal Age |
| 8:51 | Research | Double-Bit Axe |
| 8:51 | Research | Double-Bit Axe |
| 8:57 | Create | Villager (Male) |
| 9:12 | Build | Archery Range |
| 9:21 | Build | Farm |
| 9:22 | Build | Farm |
| 9:24 | Create | Villager (Male) |
| 9:27 | Build | House |
| 9:32 | Build | House |
| 9:36 | Build | Farm |
| 9:37 | Create | Villager (Male) |
| 9:45 | Build | Farm |
| 9:50 | Build | Farm |
| 9:55 | Build | House |
| 10:05 | Create | Skirmisher |
| 10:13 | Build | House |
| 10:23 | Build | Farm |
| 10:25 | Create | Villager (Male) |
| 10:28 | Build | Farm |
| 10:36 | Create | Skirmisher |
| 10:47 | Create | Villager (Male) |
| 10:51 | Build | Farm |
| 10:59 | Build | Farm |
| 11:05 | Create | Skirmisher |
| 11:14 | Create | Villager (Male) |
| 11:33 | Create | Skirmisher |
| 11:35 | Create | Villager (Male) |
| 11:40 | Build | Farm |
| 11:41 | Build | Farm |
| 11:56 | Create | Villager (Male) |
| 12:01 | Build | House |
| 12:17 | Build | Mining Camp |
| 12:18 | Create | Villager (Male) |
| 12:42 | Create | Skirmisher |
| 12:43 | Create | Villager (Male) |
| 12:45 | Build | House |
| 13:07 | Create | Villager (Male) |
| 13:10 | Create | Skirmisher |
| 13:21 | Create | Skirmisher |
| 13:45 | Create | Villager (Male) |
| 13:48 | Create | Skirmisher |
| 13:52 | Build | Blacksmith |
| 13:56 | Create | Villager (Male) |
| 14:21 | Build | Farm |
| 14:24 | Create | Skirmisher |
| 14:30 | Create | Villager (Male) |
| 14:45 | Build | Watch Tower |
| 14:52 | Build | House |
| 14:55 | Create | Villager (Male) |
| 14:59 | Create | Skirmisher |
| 15:28 | Create | Villager (Male) |
| 15:33 | Create | Skirmisher |
| 15:37 | Build | Farm |
| 15:49 | Research | Castle Age |
| 15:52 | Create | Skirmisher |
| 16:07 | Research | Horse Collar |
| 16:07 | Research | Horse Collar |
| 16:21 | Create | Skirmisher |
| 16:47 | Research | Fletching |
| 16:48 | Create | Skirmisher |
| 16:50 | Create | Villager (Male) |
| 17:16 | Build | Stable |
| 17:17 | Create | Skirmisher |
| 17:27 | Build | House |
| 17:36 | Create | Skirmisher |
| 17:55 | Create | Skirmisher |
| 18:18 | Build | House |
| 18:21 | Create | Skirmisher |
| 18:36 | Age | Castle Age |
| 18:36 | Research | Bodkin Arrow |
| 18:36 | Research | Bodkin Arrow |
| 18:51 | Build | Town Center |
| 18:51 | Create | Villager (Male) |
| 19:16 | Create | Villager (Male) |
| 19:17 | Research | Bow Saw |
| 19:27 | Build | Farm |
| 19:39 | Build | Palisade Gate |
| 19:39 | Create | Villager (Male) |
| 19:54 | Create | Villager (Male) |
| 20:01 | Create | Villager (Male) |
| 20:04 | Build | Farm |
| 20:04 | Build | Farm |
| 20:16 | Create | Villager (Male) |
| 20:30 | Build | Monastery |
| 20:35 | Create | Villager (Male) |
| 20:38 | Build | Farm |
| 20:39 | Build | Farm |
| 20:40 | Build | Farm |
| 20:44 | Create | Villager (Male) |
| 20:47 | Build | Farm |
| 20:57 | Build | Farm |
| 21:02 | Build | Farm |
| 21:05 | Create | Villager (Male) |
| 21:12 | Create | Monk |
| 21:21 | Build | Farm |
| 21:23 | Create | Villager (Male) |
| 21:24 | Build | Farm |
| 21:25 | Build | Farm |
| 21:32 | Build | House |
| 21:33 | Build | House |
| 21:40 | Build | Farm |
| 21:41 | Create | Villager (Male) |
| 21:49 | Create | Villager (Male) |
| 21:52 | Build | Farm |
| 22:00 | Build | Farm |
Match timeline
| 4:24 | VIT Liereyy · wall_segment Palisade Wall x1 |
| 4:27 | VIT Liereyy · wall_segment Palisade Wall x1 |
| 4:52 | VIT Liereyy · wall_segment Palisade Wall x1 |
| 4:52 | VIT Liereyy · wall_segment Palisade Wall x1 |
| 5:08 | TAG_Sitaux · first_building Barracks |
| 6:11 | VIT Liereyy · wall_segment Palisade Wall x1 |
| 6:12 | VIT Liereyy · wall_segment Palisade Wall x1 |
| 6:29 | TAG_Sitaux · wall_segment Palisade Wall x3 |
| 6:49 | VIT Liereyy · wall_segment Palisade Wall x1 |
| 6:51 | VIT Liereyy · wall_segment Palisade Wall x1 |
| 6:52 | VIT Liereyy · wall_segment Palisade Wall x1 |
| 6:52 | VIT Liereyy · wall_segment Palisade Wall x1 |
| 6:53 | VIT Liereyy · wall_segment Palisade Wall x1 |
| 7:10 | VIT Liereyy · wall_segment Palisade Wall x1 |
| 7:10 | VIT Liereyy · wall_segment Palisade Wall x1 |
| 7:11 | VIT Liereyy · wall_segment Palisade Wall x1 |
| 7:30 | VIT Liereyy · first_building Barracks |
| 8:36 | VIT Liereyy · wall_segment Palisade Wall x1 |
| 8:38 | VIT Liereyy · wall_segment Palisade Wall x1 |
| 8:50 | VIT Liereyy · age_up feudal |
| 8:53 | TAG_Sitaux · age_up feudal |
| 9:08 | TAG_Sitaux · first_building Archery Range |
| 9:12 | VIT Liereyy · first_building Archery Range |
| 10:28 | TAG_Sitaux · wall_segment Palisade Wall x7 |
| 10:33 | TAG_Sitaux · wall_segment Palisade Wall x3 |
| 15:56 | TAG_Sitaux · wall_segment Palisade Wall x11 |
| 17:13 | TAG_Sitaux · wall_segment Palisade Wall x6 |
| 17:16 | VIT Liereyy · first_building Stable |
| 18:21 | TAG_Sitaux · wall_segment Palisade Wall x1 |
| 18:36 | VIT Liereyy · age_up castle |
| 18:36 | TAG_Sitaux · wall_segment Palisade Wall x4 |
| 18:37 | TAG_Sitaux · wall_segment Palisade Wall x1 |
| 19:25 | TAG_Sitaux · age_up castle |
| 20:30 | VIT Liereyy · first_building Monastery |
| 20:51 | TAG_Sitaux · first_building Siege Workshop |
| 24:53 | TAG_Sitaux · first_building Monastery |
| 25:46 | TAG_Sitaux · first_building Stable |
| 28:18 | VIT Liereyy · first_building Castle |
| 32:07 | VIT Liereyy · wall_segment Stone Wall x4 |
| 32:08 | VIT Liereyy · wall_segment Stone Wall x5 |
| 32:21 | TAG_Sitaux · first_market_sell 500 wood |
| 33:23 | VIT Liereyy · age_up imperial |
| 35:39 | TAG_Sitaux · wall_segment Stone Wall x1 |
| 35:40 | TAG_Sitaux · wall_segment Stone Wall x1 |
| 36:08 | TAG_Sitaux · age_up imperial |
| 36:45 | TAG_Sitaux · first_market_buy 100 food |
| 38:49 | TAG_Sitaux · resign |
[ AI ANALYSIS · 1 CREDIT ]
What really happened in this match?
Wolo.gg analyzes every decision: build order, eco, micro, common mistakes by bracket. Personalized analysis on WhatsApp or Discord in 30 seconds.
Civ guide
Tatars
Perfil
Jugador #212721